[Event "Polish Youth G16 Championship 2023"]
[Site "Jastrzebia Gora"]
[Date "2023.03.17"]
[Round "7.6"]
[White "Lazniewska, Zofia"]
[Black "Salamon, Julia"]
[Result "0-1"]
[ECO "B40"]
[WhiteElo "1621"]
[BlackElo "1701"]
[Annotator "NA RC COMBH"]
[PlyCount "170"]
[EventDate "2023.03.11"]
[EventType "swiss"]
[EventCountry "POL"]
[SourceTitle "playchess.com"]
[Source "ChessBase"]
[SourceQuality "1"]
[TimeControl "40/5400+30:1800+30"]

1. e4 c5 2. Nf3 e6 3. c3 Nf6 4. e5 Nd5 5. d4 cxd4 6. cxd4 d6 7. a3 Nc6 8. Bd3 dxe5 9. dxe5 Qc7 10. O-O Nxe5 11. Nxe5 Qxe5 12. Bb5+ Bd7 13. Bxd7+ Kxd7 14. Re1 Qf5 15. Nc3 Bd6 16. Qb3 b6 17. Qb5+ Kc7 18. Ne4 Rhd8 19. Bg5 f6 20. Rac1+ Kb8 21. Bh4 a6 22. Qc6 Be5 23. Bg3 Ka7 24. Bxe5 Qxe5 25. Nc5 Qc7 26. Nxe6 Qxc6 27. Rxc6 Rd7 28. Rd1 Kb7 29. Rc2 Re8 30. Nf4 Rde7 31. Nd3 Nf4 32. g3 Nxd3 33. Rxd3 Re1+ 34. Kg2 R8e7 35. Rdc3 R1e6 36. Kf3 b5 37. h3 g6 38. h4 f5 39. Kf4 h6 40. Kf3 Kb6 41. Rc8 Rd7 42. Rh8 g5 43. hxg5 hxg5 44. Rg8 Rd3+ 45. Kg2 g4 46. Rf8 Rd5 47. Rfc8 Red6 48. Re8 Ka5 49. Ree2 Ka4 50. f3 gxf3+ 51. Kxf3 Rd3+ 52. Kf4 R6d4+ 53. Kxf5 Rxg3 54. Ke5 Rdd3 55. Ke4 a5 56. Rc5 b4 57. axb4 axb4 58. Rcc2 Kb3 59. Rh2 Rge3+ 60. Kf4 Rh3 61. Rhg2 Rhf3+ 62. Ke4 Rg3 63. Rh2 Rge3+ 64. Kf4 Rh3 65. Rhg2 Rh4+ 66. Ke5 Rhd4 67. Rh2 Ka2 68. Rcf2 Rd8 69. Rc2 b3 70. Rcg2 Re8+ 71. Kf4 Rd1 72. Rf2 Rf8+ 73. Ke3 Re8+ 74. Kf3 Rf8+ 75. Ke3 Rxf2 76. Rxf2 Rb1 77. Kd3 Rxb2 78. Rf8 Rc2 79. Ra8+ Kb1 80. Rb8 b2 81. Rh8 Rc7 82. Rg8 Ra7 83. Kc3 Ka2 84. Rg2 Rc7+ 85. Kb4 Ka1 0-1

[Event "Polish Youth G16 Championship 2023"]
[Site "Jastrzebia Gora"]
[Date "2023.03.17"]
[Round "7.7"]
[White "Kawa, Anna"]
[Black "Pietryk, Joanna"]
[Result "1-0"]
[ECO "B13"]
[WhiteElo "1743"]
[BlackElo "1488"]
[Annotator "NA RC COMBH"]
[PlyCount "123"]
[EventDate "2023.03.11"]
[EventType "swiss"]
[EventCountry "POL"]
[SourceTitle "playchess.com"]
[Source "ChessBase"]
[SourceQuality "1"]
[TimeControl "40/5400+30:1800+30"]

1. e4 c6 2. d4 d5 3. exd5 cxd5 4. c4 Nf6 5. Nc3 Nc6 6. Nf3 g6 7. Bg5 Be6 8. Be2 Bg7 9. O-O O-O 10. Rc1 h6 11. Bxf6 Bxf6 12. c5 Qd7 13. Qd2 Kg7 14. Bb5 a6 15. Bxc6 bxc6 16. Na4 Qc7 17. Rfe1 Bf5 18. Nb6 Ra7 19. Rc3 Bg4 20. h3 Bxf3 21. Rxf3 Bg5 22. Qe2 e6 23. Ra3 Qf4 24. Rd1 Bf6 25. g3 Qf5 26. Rf3 Qh5 27. Kg2 e5 28. dxe5 Qxe5 29. Qxe5 Bxe5 30. Rb3 Re8 31. Re1 Rae7 32. Rbe3 Bf6 33. Rxe7 Rxe7 34. Rxe7 Bxe7 35. Nd7 a5 36. Kf3 Bf6 37. b3 Bd4 38. Nb8 Bxc5 39. Nxc6 Bb6 40. b4 axb4 41. Nxb4 d4 42. Ke4 Bc5 43. Nd3 Bb6 44. f3 f5+ 45. Kd5 Bc7 46. f4 Bb6 47. Kc6 Ba5 48. Kb5 Bc3 49. a4 Kf6 50. a5 Bxa5 51. Kxa5 Ke6 52. Kb4 Kd5 53. Nf2 g5 54. h4 gxf4 55. gxf4 h5 56. Kb3 Kc5 57. Kc2 Kc4 58. Kd2 d3 59. Nxd3 Kd5 60. Ke3 Kc4 61. Nf2 Kc3 62. Nh1 1-0

[Event "Polish Youth G16 Championship 2023"]
[Site "Jastrzebia Gora"]
[Date "2023.03.17"]
[Round "7.8"]
[White "Zapalowska, Wiktoria"]
[Black "Romejko, Jagoda"]
[Result "1-0"]
[ECO "B01"]
[WhiteElo "1639"]
[BlackElo "1483"]
[Annotator "NA RC COMBH"]
[PlyCount "105"]
[EventDate "2023.03.11"]
[EventType "swiss"]
[EventCountry "POL"]
[SourceTitle "playchess.com"]
[Source "ChessBase"]
[SourceQuality "1"]
[TimeControl "40/5400+30:1800+30"]

1. e4 d5 2. exd5 Qxd5 3. Nc3 Qd8 4. d4 Nf6 5. Nf3 c6 6. Bd3 Bg4 7. Be3 e6 8. h3 Bh5 9. g4 Bg6 10. Ne5 Bxd3 11. Qxd3 Nbd7 12. Nxd7 Qxd7 13. O-O-O O-O-O 14. a3 Bd6 15. Ne2 Nd5 16. Bd2 Qc7 17. Qf3 c5 18. Kb1 c4 19. Nc3 Nxc3+ 20. Bxc3 f6 21. Rhe1 Rhe8 22. Re4 Qb6 23. Ka2 Qc7 24. Qe2 b5 25. Rxe6 Rxe6 26. Qxe6+ Kb8 27. Qf5 Qd7 28. Qxd7 Rxd7 29. b3 cxb3+ 30. Kxb3 Kb7 31. Re1 Kc6 32. Ba5 Kd5 33. c3 Bf4 34. Bb4 Bd2 35. Re2 Bf4 36. Re8 g6 37. f3 Bc7 38. Bc5 a5 39. Ra8 Kc6 40. Ra6+ Kd5 41. Rxf6 Be5 42. Rb6 Bc7 43. Rxb5 Kc6 44. Kc4 Rf7 45. d5+ Kd7 46. d6 Rf4+ 47. Kd5 Bd8 48. Rb7+ Kc8 49. Kc6 Rf6 50. Rxh7 Rxf3 51. d7+ Kb8 52. Rh8 Rf6+ 53. Bd6+ 1-0

[Event "Polish Youth G16 Championship 2023"]
[Site "Jastrzebia Gora"]
[Date "2023.03.17"]
[Round "7.9"]
[White "Oborska, Magda"]
[Black "Kicinska, Magdalena"]
[Result "1-0"]
[ECO "B15"]
[WhiteElo "1613"]
[BlackElo "1573"]
[Annotator "NA RC COMBH"]
[PlyCount "89"]
[EventDate "2023.03.11"]
[EventType "swiss"]
[EventCountry "POL"]
[SourceTitle "playchess.com"]
[Source "ChessBase"]
[SourceQuality "1"]
[TimeControl "40/5400+30:1800+30"]

1. e4 c6 2. d4 d5 3. Nc3 dxe4 4. Nxe4 Nf6 5. Ng3 g6 6. Nf3 Bg7 7. Bd3 O-O 8. O-O Nbd7 9. c3 b6 10. Re1 Bb7 11. Bg5 c5 12. Ne4 cxd4 13. Nxd4 Ne5 14. Nxf6+ exf6 15. Bh4 Nxd3 16. Qxd3 Re8 17. f3 Qd5 18. Rxe8+ Rxe8 19. Qb5 Qxb5 20. Nxb5 Re2 21. b3 f5 22. Re1 Rxe1+ 23. Bxe1 a6 24. Nd6 Bd5 25. Nc8 Bf8 26. Nxb6 Bc5+ 27. Bf2 Bxb6 28. Bxb6 Kf8 29. Kf2 Ke7 30. Ke3 Kd6 31. Kd4 Be6 32. c4 h5 33. b4 Kc6 34. Bd8 Kd7 35. Bg5 Kc6 36. a4 Kb6 37. b5 axb5 38. cxb5 Kc7 39. Kc5 Bd7 40. a5 Kb7 41. Kb4 Be8 42. a6+ Kb6 43. Be3+ Kc7 44. b6+ Kb8 45. Bf4+ 1-0

[Event "Polish Youth G16 Championship 2023"]
[Site "Jastrzebia Gora"]
[Date "2023.03.17"]
[Round "7.10"]
[White "Kulczycka, Zofia"]
[Black "Zielinska, Aleksandra"]
[Result "0-1"]
[ECO "B12"]
[WhiteElo "1547"]
[BlackElo "1613"]
[Annotator "NA RC COMBH"]
[PlyCount "88"]
[EventDate "2023.03.11"]
[EventType "swiss"]
[EventCountry "POL"]
[SourceTitle "playchess.com"]
[Source "ChessBase"]
[SourceQuality "1"]
[TimeControl "40/5400+30:1800+30"]

1. e4 c6 2. d4 d5 3. e5 Bf5 4. Nf3 e6 5. Be2 Nd7 6. O-O h6 7. b3 Ne7 8. Ba3 Ng6 9. Bxf8 Ndxf8 10. Qd2 Nd7 11. c4 O-O 12. Nc3 dxc4 13. bxc4 c5 14. d5 Ndxe5 15. Nxe5 Nxe5 16. Qe3 Qf6 17. f4 Nd7 18. Ne4 Bxe4 19. Qxe4 exd5 20. Qxd5 Qe7 21. Bf3 Nb6 22. Qxb7 Qxb7 23. Bxb7 Rad8 24. Rfe1 Rd4 25. Re7 a5 26. g3 Rxc4 27. Rd1 Rd4 28. Rxd4 cxd4 29. Re5 Nc4 30. Rd5 Rb8 31. Ba6 Rb1+ 32. Kf2 Rb2+ 33. Kf3 Nd2+ 34. Kg4 Rxa2 35. Rxd4 g6 36. Rd5 h5+ 37. Kg5 Kg7 38. f5 Nf3+ 39. Kf4 Nxh2 40. fxg6 fxg6 41. Rd7+ Kh6 42. Ke3 Ng4+ 43. Kd4 Rd2+ 44. Bd3 Rxd3+ 0-1

[Event "Polish Youth G16 Championship 2023"]
[Site "Jastrzebia Gora"]
[Date "2023.03.17"]
[Round "7.11"]
[White "Bauer, Maja"]
[Black "Giemza, Julia"]
[Result "0-1"]
[ECO "B47"]
[WhiteElo "1383"]
[BlackElo "1536"]
[Annotator "NA RC COMBH"]
[PlyCount "148"]
[EventDate "2023.03.11"]
[EventType "swiss"]
[EventCountry "POL"]
[SourceTitle "playchess.com"]
[Source "ChessBase"]
[SourceQuality "1"]
[TimeControl "40/5400+30:1800+30"]

1. e4 c5 2. Nf3 e6 3. d4 cxd4 4. Nxd4 Nc6 5. Nc3 Qc7 6. Be2 a6 7. O-O Nf6 8. Nb3 b5 9. a3 Bb7 10. f4 d6 11. Bf3 Be7 12. Qe1 O-O 13. Qg3 Rfd8 14. Be3 Rac8 15. Rad1 Bf8 16. Rd2 Ne7 17. Bd4 Ne8 18. Qf2 Rd7 19. Bb6 Qb8 20. Be3 Nf6 21. e5 Nfd5 22. Bxd5 Nxd5 23. Nxd5 Bxd5 24. exd6 Bxd6 25. Qg3 Kh8 26. Qg4 Qb7 27. Rfd1 b4 28. a4 Rdc7 29. Nd4 Bc5 30. Qe2 Be4 31. Nb3 Be7 32. Na1 h6 33. a5 f5 34. Bb6 Bc5+ 35. Bxc5 Rxc5 36. Rd7 R8c7 37. Rxc7 Qxc7 38. Qxa6 Rxa5 39. Qxe6 Qxf4 40. Qg6 Rd5 41. Rxd5 Bxd5 42. Qe8+ Kh7 43. Qe1 Qd4+ 44. Qf2 Qd1+ 45. Qf1 Qg4 46. h3 Qe4 47. Qf2 g5 48. Nb3 Bxb3 49. cxb3 f4 50. g4 Kg7 51. Qa7+ Kf6 52. Qb6+ Ke5 53. Qc5+ Ke6 54. Qb6+ Kd5 55. Qb5+ Kd6 56. Qb6+ Qc6 57. Qd4+ Qd5 58. Qf6+ Kc5 59. Qe7+ Kb5 60. Qe8+ Qc6 61. Qe2+ Kb6 62. Qd2 Qc5+ 63. Kh2 Kc6 64. Qg2+ Kd6 65. Qd2+ Ke5 66. Qe2+ Qe3 67. Qb5+ Ke4 68. Qc6+ Kd3 69. Qc4+ Kd2 70. Qxb4+ Ke2 71. Qc4+ Kf2 72. Qc2+ Qe2 73. Qc5+ Kf3+ 74. Kg1 Qg2# 0-1

[Event "Polish Youth G16 Championship 2023"]
[Site "Jastrzebia Gora"]
[Date "2023.03.17"]
[Round "7.13"]
[White "Bandyk, Joanna"]
[Black "Nieckarz, Maja"]
[Result "0-1"]
[ECO "B71"]
[WhiteElo "1459"]
[BlackElo "1493"]
[Annotator "NA RC COMBH"]
[PlyCount "98"]
[EventDate "2023.03.11"]
[EventType "swiss"]
[EventCountry "POL"]
[SourceTitle "playchess.com"]
[Source "ChessBase"]
[SourceQuality "1"]
[TimeControl "40/5400+30:1800+30"]

1. e4 c5 2. Nf3 d6 3. d4 cxd4 4. Nxd4 Nf6 5. Nc3 g6 6. f4 Nc6 7. Be2 Bd7 8. Be3 a6 9. O-O e6 10. Bf3 Qc7 11. Nxc6 Bxc6 12. e5 dxe5 13. fxe5 Nd7 14. Bxc6 bxc6 15. Qf3 Nxe5 16. Qf6 Ng4 17. Qf4 Qxf4 18. Bxf4 Bc5+ 19. Kh1 Nf2+ 20. Kg1 Nh3+ 21. Kh1 Nxf4 22. Rxf4 Be7 23. Rd1 f5 24. Re1 Kf7 25. Rf3 Bf6 26. b3 Rhd8 27. Kg1 Rd2 28. Rc1 e5 29. Rf2 Rxf2 30. Kxf2 e4 31. Ne2 Rd8 32. Ke1 Be5 33. g3 g5 34. c4 f4 35. gxf4 gxf4 36. Rc2 Rd3 37. Kf2 h5 38. Nc1 Rf3+ 39. Kg2 Rc3 40. Rxc3 Bxc3 41. c5 Bd4 42. Kf1 f3 43. Ne2 fxe2+ 44. Kxe2 Bxc5 45. a3 a5 46. b4 axb4 47. axb4 Bxb4 48. Ke3 c5 49. Kxe4 Kg6 0-1

[Event "Polish Youth G16 Championship 2023"]
[Site "Jastrzebia Gora"]
[Date "2023.03.17"]
[Round "7.14"]
[White "Sliwicka, Weronika"]
[Black "Biniak, Zuzanna"]
[Result "1-0"]
[ECO "B75"]
[WhiteElo "1374"]
[BlackElo "1457"]
[Annotator "NA RC COMBH"]
[PlyCount "127"]
[EventDate "2023.03.11"]
[EventType "swiss"]
[EventCountry "POL"]
[SourceTitle "playchess.com"]
[Source "ChessBase"]
[SourceQuality "1"]
[TimeControl "40/5400+30:1800+30"]

1. e4 c5 2. Nf3 d6 3. d4 cxd4 4. Nxd4 Nf6 5. Nc3 g6 6. Be3 Bg7 7. f3 h5 8. Qd2 Nc6 9. O-O-O Bd7 10. Kb1 a6 11. Be2 Rc8 12. Nd5 Nxd5 13. exd5 Ne5 14. Rhe1 O-O 15. Bh6 Kh7 16. Bxg7 Kxg7 17. Qg5 e6 18. Qxd8 Rfxd8 19. f4 Nc4 20. Bxc4 Rxc4 21. dxe6 Bxe6 22. Rxe6 Rxd4 23. Rxg6+ fxg6 24. Rxd4 Kf6 25. g3 Kf5 26. h3 Re8 27. Kc1 Re3 28. Rd5+ Ke6 29. Rd3 Re2 30. Kd1 Rh2 31. h4 Rg2 32. b3 Kf5 33. Rxd6 Rxg3 34. Rb6 Kxf4 35. Rxb7 Kg4 36. Rb4+ Kh3 37. Ra4 Rg1+ 38. Kd2 Rg2+ 39. Kc1 Rg1+ 40. Kb2 Rg2 41. Rxa6 Kxh4 42. a4 g5 43. Rg6 Rf2 44. a5 g4 45. a6 Rf8 46. a7 Ra8 47. Rg7 g3 48. b4 g2 49. Rxg2 Rxa7 50. b5 Kh3 51. Rg6 h4 52. b6 Rb7 53. c4 Kh2 54. c5 h3 55. Kb3 Kh1 56. Kb4 h2 57. Kb5 Rh7 58. Rg5 Rh6 59. Rd5 Kg1 60. c6 Rxc6 61. Rd1+ Kg2 62. Kxc6 h1=Q 63. Rxh1 Kxh1 64. b7 1-0

[Event "Polish Youth G16 Championship 2023"]
[Site "Jastrzebia Gora"]
[Date "2023.03.17"]
[Round "7.15"]
[White "Sprzeczka, Emilia"]
[Black "Domeradzka, Karolina"]
[Result "1-0"]
[ECO "C43"]
[WhiteElo "1887"]
[BlackElo "1194"]
[Annotator "NA RC COMBH"]
[PlyCount "61"]
[EventDate "2023.03.11"]
[EventType "swiss"]
[EventCountry "POL"]
[SourceTitle "playchess.com"]
[Source "ChessBase"]
[SourceQuality "1"]
[TimeControl "40/5400+30:1800+30"]

1. e4 e5 2. Nf3 Nf6 3. d4 Nxe4 4. Bd3 d5 5. Nxe5 Bd6 6. O-O O-O 7. c4 c6 8. cxd5 (8. Nc3 $5 ) 8... cxd5 9. Nc3 Nxc3 10. bxc3 Nc6 11. f4 f6 12. Qh5 f5 13. Rf3 Qe8 14. Qh3 Rf6 15. Rg3 Kh8 16. Rg5 Rh6 17. Qf3 Be7 18. Bxf5 ({Better is} 18. Rg3 $16) 18... Bxg5 19. fxg5 Nxe5 20. dxe5 Rc6 21. Bc2 Qg8 22. Ba4 Rc7 23. Ba3 Be6 24. Bd6 Rf7 25. Qg3 g6 26. Qe3 a6 27. Rd1 Rc8 28. Bb3 $11 Rd7 29. Qd4 Kg7 30. Bxd5 Bxd5 31. e6# 1-0

[Event "Polish Youth G16 Championship 2023"]
[Site "Jastrzebia Gora"]
[Date "2023.03.17"]
[Round "7.16"]
[White "Makarec, Anna"]
[Black "Nowak, Zuzanna"]
[Result "1-0"]
[ECO "C77"]
[WhiteElo "1271"]
[BlackElo "1427"]
[Annotator "NA RC COMBH"]
[PlyCount "107"]
[EventDate "2023.03.11"]
[EventType "swiss"]
[EventCountry "POL"]
[SourceTitle "playchess.com"]
[Source "ChessBase"]
[SourceQuality "1"]
[TimeControl "40/5400+30:1800+30"]

1. e4 e5 2. Nf3 Nc6 3. Bb5 a6 4. Ba4 Nf6 5. Bxc6 dxc6 6. d3 Bd6 7. Nbd2 Bg4 8. h3 Bd7 9. Nc4 Qe7 10. a3 h6 11. b3 b5 12. Ne3 O-O 13. Bb2 Rfe8 14. O-O Nh5 15. Re1 Nf4 16. d4 exd4 17. Qxd4 f6 18. Nf1 Qf7 19. Ng3 Ne6 20. Qc3 Ng5 21. Nxg5 hxg5 22. Qf3 Be5 23. Bxe5 Rxe5 24. Qd3 Rae8 25. Rad1 Bc8 26. Qc3 c5 27. Rd5 Rxd5 28. exd5 Rxe1+ 29. Qxe1 Bb7 30. c4 Kf8 31. Ne4 Qe7 32. Qe3 bxc4 33. bxc4 Bc8 34. Qxc5 Qxc5 35. Nxc5 Ke7 36. Kf1 Kd6 37. Nd3 Bf5 38. Ke2 Be4 39. f3 Bf5 40. Ke3 Bg6 41. Kd4 Bf5 42. c5+ Ke7 43. g4 Bg6 44. f4 Bxd3 45. Kxd3 gxf4 46. h4 Kd7 47. Ke4 c6 48. d6 Ke6 49. Kxf4 f5 50. gxf5+ Kf6 51. h5 Kf7 52. Kg5 a5 53. a4 Kg8 54. f6 1-0

[Event "Polish Youth G16 Championship 2023"]
[Site "Jastrzebia Gora"]
[Date "2023.03.17"]
[Round "7.17"]
[White "Kaczmarek, Paulina"]
[Black "Michalska, Anna-Maria"]
[Result "1-0"]
[ECO "C02"]
[WhiteElo "1317"]
[BlackElo "1417"]
[Annotator "NA RC COMBH"]
[PlyCount "131"]
[EventDate "2023.03.11"]
[EventType "swiss"]
[EventCountry "POL"]
[SourceTitle "playchess.com"]
[Source "ChessBase"]
[SourceQuality "1"]
[TimeControl "40/5400+30:1800+30"]

1. e4 e6 2. d4 d5 3. e5 c5 4. c3 Nc6 5. Nf3 Qb6 6. Bd3 c4 7. Bc2 Bd7 8. b3 Na5 9. O-O h6 10. Na3 Bxa3 11. Bxa3 Ne7 12. Bc5 Qc7 13. b4 Nac6 14. a4 b6 15. Bd6 Qd8 16. Nd2 Nc8 17. b5 Nxd6 18. bxc6 Bxc6 19. exd6 Qxd6 20. Qe2 O-O 21. Rfe1 Rae8 22. Nf3 f6 23. Bg6 Re7 24. Nh4 Be8 25. g3 Bf7 26. Nf5 exf5 27. Qxe7 Qxe7 28. Rxe7 Bxg6 29. Rxa7 f4 30. Re1 Be4 31. f3 Bg6 32. Ree7 Rf7 33. Rxf7 Bxf7 34. Rb7 Be8 35. Rxb6 Bxa4 36. Rd6 fxg3 37. hxg3 Kf7 38. Rxd5 Ke6 39. Rc5 Bb3 40. Kf2 Kd6 41. Ke3 Ba2 42. f4 Bb3 43. f5 Bc2 44. Kf4 Bd3 45. Ra5 h5 46. Ra7 g5+ 47. fxg6 Bxg6 48. Ra6+ Ke7 49. g4 hxg4 50. Kxg4 Bd3 51. Kf4 Bc2 52. Rc6 Bd3 53. d5 f5 54. Ke5 Kd7 55. Rf6 Be4 56. Rxf5 Bd3 57. Rf7+ Ke8 58. Rc7 Kd8 59. d6 Bf1 60. Kd4 Be2 61. Kc5 Bd3 62. Kb6 Be2 63. Rg7 Bd3 64. d7 Bf5 65. Kc6 Bh7 66. Kd6 1-0

[Event "Polish Youth G16 Championship 2023"]
[Site "Jastrzebia Gora"]
[Date "2023.03.17"]
[Round "7.18"]
[White "Dura, Anna"]
[Black "Predkiewicz, Paulina"]
[Result "1-0"]
[ECO "D31"]
[WhiteElo "1186"]
[BlackElo "1402"]
[Annotator "NA COMBH"]
[PlyCount "119"]
[EventDate "2023.03.11"]
[EventType "swiss"]
[EventCountry "POL"]
[SourceTitle "playchess.com"]
[Source "ChessBase"]
[SourceQuality "1"]
[TimeControl "40/5400+30:1800+30"]

1. d4 d5 2. c4 e6 3. Nc3 Be7 4. e3 Nf6 5. Nf3 O-O 6. Qc2 Nbd7 7. Bd3 h6 8. O-O Re8 9. b3 c5 10. cxd5 exd5 11. Bb2 b6 12. Rac1 Bb7 13. Rfd1 Rc8 14. Qe2 Bd6 15. Ba6 Bxa6 16. Qxa6 cxd4 17. Nxd4 Nc5 18. Qe2 Bb8 19. Nf3 Re7 20. Nb5 Rd7 21. Ne5 Bxe5 22. Bxe5 a6 23. Nc3 Nce4 24. f3 Nxc3 25. Rxc3 Nh7 26. Qxa6 Ra8 27. Qe2 Nf8 28. a4 Ne6 29. Rcd3 Nc5 30. Rc3 Qe7 31. Bd4 Rad8 32. Qb5 Rc8 33. b4 Rdc7 34. bxc5 bxc5 35. Bxg7 Kxg7 36. Rxd5 Qe6 37. Rd2 Qe5 38. Qb2 Kg8 39. Rcd3 Qe7 40. Qc3 Rb7 41. Rd4 cxd4 42. Qxc8+ Kh7 43. Qc2+ Kg8 44. e4 Rb4 45. Rd1 Qa7 46. Qd2 Rxa4 47. Qxh6 d3+ 48. Kh1 Ra1 49. Qg5+ Kh7 50. Qh4+ Kg8 51. Qd8+ Kh7 52. Qxd3 Qa6 53. Qd4 Qf1+ 54. Rxf1 Rxf1+ 55. Qg1 Rxg1+ 56. Kxg1 Kg6 57. Kf2 Kg5 58. Kg3 f5 59. f4+ Kf6 60. e5+ 1-0

[Event "Polish Youth G16 Championship 2023"]
[Site "Jastrzebia Gora"]
[Date "2023.03.17"]
[Round "7.19"]
[White "Krzysztynska, Maria"]
[Black "Zgoda, Aleksandra"]
[Result "1/2-1/2"]
[ECO "B40"]
[WhiteElo "1335"]
[BlackElo "1308"]
[Annotator "NA RC COMBH"]
[PlyCount "117"]
[EventDate "2023.03.11"]
[EventType "swiss"]
[EventCountry "POL"]
[SourceTitle "playchess.com"]
[Source "ChessBase"]
[SourceQuality "1"]
[TimeControl "40/5400+30:1800+30"]

1. e4 c5 2. Nf3 e6 3. c3 d5 4. e5 Nc6 5. d4 Nge7 6. Bd3 Ng6 7. h4 cxd4 8. cxd4 Bb4+ 9. Nc3 h5 10. Bd2 Nge7 11. Bg5 a6 12. Qd2 b5 13. Rh3 Qb6 14. a3 Bxc3 15. bxc3 Bb7 16. Bxe7 Nxe7 17. Qg5 Qa5 18. Rc1 Qxa3 19. Kd2 g6 20. Qf6 Rf8 21. Ng5 Nf5 22. Bxf5 exf5 23. Re3 Qe7 24. Qb6 Rc8 25. e6 f6 26. Nf7 Rc6 27. Qa7 Bc8 28. Qa8 Qb7 29. Qxb7 Bxb7 30. Nd8 Rc7 31. Rce1 Rg8 32. e7 Bc8 33. Nf7 Rc6 34. Nd8 Rc7 35. Ne6 Ra7 36. Nf4 Rd7 37. Ne6 Ra7 38. Nf4 Rd7 39. Ne6 g5 40. hxg5 fxg5 41. Re5 Ra7 42. Nd8 Rg7 43. Nc6 Ra8 44. Rxd5 Bd7 45. Ne5 Ra7 46. Nxd7 Rxd7 47. Rxf5 Rdxe7 48. Rxe7+ Kxe7 49. Kc2 Ke6 50. Rc5 Kd6 51. Kb3 h4 52. Kb4 Rf7 53. Rxg5 Rxf2 54. Rg6+ Kd5 55. Rg4 Kc6 56. Rxh4 Rxg2 57. Rh6+ Kb7 58. d5 Rg4+ 59. Kb3 1/2-1/2

[Event "Polish Youth G16 Championship 2023"]
[Site "Jastrzebia Gora"]
[Date "2023.03.17"]
[Round "7.20"]
[White "Niedorys, Karolina"]
[Black "Butkiewicz, Hanna"]
[Result "1-0"]
[ECO "C50"]
[WhiteElo "1458"]
[BlackElo "1120"]
[Annotator "NA RC COMBH"]
[PlyCount "51"]
[EventDate "2023.03.11"]
[EventType "swiss"]
[EventCountry "POL"]
[SourceTitle "playchess.com"]
[Source "ChessBase"]
[SourceQuality "1"]
[TimeControl "40/5400+30:1800+30"]

1. e4 e5 2. Nf3 Nc6 3. Bc4 Bc5 4. d3 h6 5. c3 Nf6 6. Nbd2 d6 7. O-O O-O 8. h3 Re8 9. Re1 a6 10. Nf1 Ne7 11. Qb3 Rf8 12. d4 exd4 13. cxd4 Ba7 14. e5 Nh7 15. Ng3 d5 16. Bd3 Re8 17. Qc2 Nf8 18. Nh5 Nc6 19. Qd2 Nxd4 20. Nxd4 Bxd4 21. Nxg7 Kxg7 22. Qxh6+ Kg8 23. Bg5 Re6 24. Qh4 Bxf2+ 25. Kxf2 Qe8 26. Bf6 1-0

[Event "Polish Youth G16 Championship 2023"]
[Site "Jastrzebia Gora"]
[Date "2023.03.17"]
[Round "7.21"]
[White "Lach, Alicja"]
[Black "Gajec, Roza"]
[Result "1-0"]
[ECO "B24"]
[WhiteElo "1231"]
[BlackElo "1341"]
[Annotator "NA RC COMBH"]
[PlyCount "84"]
[EventDate "2023.03.11"]
[EventType "swiss"]
[EventCountry "POL"]
[SourceTitle "playchess.com"]
[Source "ChessBase"]
[SourceQuality "1"]
[TimeControl "40/5400+30:1800+30"]

1. e4 c5 2. Nc3 Nc6 3. Bb5 e6 4. Bxc6 bxc6 5. d3 Nf6 6. f4 Qc7 7. Nf3 d5 8. O-O Be7 9. Qe2 O-O 10. b3 Ba6 11. e5 Nd7 12. Na4 Nb6 13. Nxb6 axb6 14. c4 b5 15. Nd2 Rae8 16. Bb2 f6 17. Qg4 Qd7 18. Rad1 Kh8 19. Rfe1 f5 20. Qe2 g5 21. fxg5 Bxg5 22. Nf3 Bd8 23. Qe3 d4 24. Qh6 Rg8 25. Bc1 Rg6 26. Qh5 Reg8 27. Re2 Qg7 28. Ne1 Bc8 29. Qf3 Bh4 30. Bf4 Bd7 31. g3 Be8 32. Rg2 Bd8 33. Rdd2 Rg4 34. Qf2 Bg5 35. Bxg5 Qxg5 36. Nf3 Qh6 37. Rc2 b4 38. Qf1 f4 39. Qe1 Qh3 40. Kf1 fxg3 41. hxg3 Rxg3 42. Ng1 Rf8+ 1-0

[Event "Polish Youth G16 Championship 2023"]
[Site "Jastrzebia Gora"]
[Date "2023.03.17"]
[Round "7.22"]
[White "Ekner, Maria"]
[Black "Idzior, Izabela"]
[Result "1-0"]
[ECO "D37"]
[WhiteElo "1337"]
[BlackElo "1287"]
[Annotator "NA RC COMBH"]
[PlyCount "49"]
[EventDate "2023.03.11"]
[EventType "swiss"]
[EventCountry "POL"]
[SourceTitle "playchess.com"]
[Source "ChessBase"]
[SourceQuality "1"]
[TimeControl "40/5400+30:1800+30"]

1. d4 d5 2. c4 e6 3. Nc3 Nf6 4. Nf3 Be7 5. Bf4 O-O 6. e3 c6 7. Bd3 b6 8. O-O Bb7 9. Qc2 dxc4 10. Bxc4 c5 11. Ne5 Nh5 12. dxc5 Bxc5 13. Rad1 Qh4 14. Ne2 Nxf4 15. exf4 Nc6 16. Nd7 Nb4 17. Qc3 Rfc8 18. Nxc5 bxc5 19. Bxe6 Qe7 20. Bxc8 Rxc8 21. Rfe1 Nd5 22. Qg3 Qf6 23. Qb3 Bc6 24. Qc4 Rd8 25. Qxc5 1-0

[Event "Polish Youth G16 Championship 2023"]
[Site "Jastrzebia Gora"]
[Date "2023.03.17"]
[Round "7.23"]
[White "Racis, Dominika"]
[Black "Danek, Wiktoria"]
[Result "1-0"]
[ECO "D30"]
[WhiteElo "1201"]
[BlackElo "1161"]
[Annotator "NA RC COMBH"]
[PlyCount "79"]
[EventDate "2023.03.11"]
[EventType "swiss"]
[EventCountry "POL"]
[SourceTitle "playchess.com"]
[Source "ChessBase"]
[SourceQuality "1"]
[TimeControl "40/5400+30:1800+30"]

1. d4 d5 2. c4 e6 3. cxd5 exd5 4. Nf3 Nf6 5. Bg5 Be7 6. e3 c6 7. h3 Bf5 8. Bd3 Bxd3 9. Qxd3 Nbd7 10. Nc3 O-O 11. O-O Re8 12. Rab1 Qc7 13. Rfc1 Nb6 14. Bf4 Qd8 15. Ne5 Nbd7 16. b4 Nxe5 17. Bxe5 Bd6 18. Bxd6 Qxd6 19. b5 Rab8 20. bxc6 bxc6 21. Rxb8 Rxb8 22. Qa6 Qd7 23. Na4 Rc8 24. Nc5 Qc7 25. Rb1 Rb8 26. Rxb8+ Qxb8 27. Nb7 Qc7 28. Qxa7 h6 29. a4 Nd7 30. a5 Qb8 31. Qxb8+ Nxb8 32. Nc5 Kf8 33. a6 Nxa6 34. Nxa6 Ke7 35. Kf1 g5 36. Ke2 f5 37. g4 fxg4 38. hxg4 Ke6 39. f4 gxf4 40. exf4 1-0

[Event "Polish Youth G16 Championship 2023"]
[Site "Jastrzebia Gora"]
[Date "2023.03.18"]
[Round "8.1"]
[White "Smietanska, Wiktoria"]
[Black "Szczotka, Klara"]
[Result "1/2-1/2"]
[ECO "E16"]
[WhiteElo "1954"]
[BlackElo "1739"]
[Annotator "TA"]
[PlyCount "80"]
[EventDate "2023.03.11"]
[EventType "swiss"]
[EventCountry "POL"]
[SourceTitle "playchess.com"]
[Source "ChessBase"]
[SourceQuality "1"]
[TimeControl "40/5400+30:1800+30"]

1. Nf3 Nf6 2. c4 e6 3. g3 b6 4. Bg2 Bb7 5. d4 Bb4+ 6. Nbd2 O-O 7. a3 Be7 8. O-O d5 9. cxd5 exd5 10. Ne5 {[%emt 0:07:10] E16: Queen's Indian: 4 g3 Bb7 5 Bg2 Bb4+.} Nbd7 11. Ndf3 c5 12. Qa4 Nxe5 13. Nxe5 Qe8 14. Qd1 Bd6 {[%emt 0:07:10] [#]} 15. Nd3 $146 ({White should play} 15. Bf4 $11) ({Predecessor:} 15. Nf3 c4 16. Bf4 Bxf4 17. gxf4 Ne4 18. Nd2 Nd6 19. Re1 b5 20. e3 Qe6 21. Kh1 {0-1 Shahin,W (2150)-Huschenbeth,N (2596) Bayern-chI Bank Hofmann 21st 2017 (5)}) 15... Rc8 (15... c4 $5 16. Nf4 a5 $15) 16. dxc5 bxc5 17. Bf4 Bxf4 18. Nxf4 Qe5 19. Rc1 Rfd8 (19... Qxb2 $2 20. Rb1 (20. Bxd5 Nxd5 21. Nxd5 Qe5 $15) 20... Qe5 21. Rxb7 $18) 20. Qa4 a6 ({Don't do} 20... Qxb2 21. Rb1 Bc6 22. Qxa7 $14 (22. Qxc6 $2 Qxb1 23. Rxb1 Rxc6 $19)) 21. Nd3 Qd6 22. Qa5 c4 23. Nb4 (23. Ne1 $11 {remains equal.}) 23... Rc5 $17 24. Qa4 {[%emt 0:00:38] [#]} a5 (24... Qb6 $1 $17 {...a5 would be deadly.} 25. Nc2 Bc6) 25. Na2 $1 $11 Bc6 26. Qc2 d4 {[%emt 0:03:35] Threatens to win with ...Bxg2.} 27. b4 axb4 28. axb4 Re5 {[%emt 0:02:08] And now ...Bxg2 would win.} 29. Bxc6 Qxc6 30. Qxc4 Qxc4 {[%emt 0:02:03][%mdl 64] [#] Remove Defender} 31. Rxc4 {[%emt 0:00:05] Black should prevent Nc1.} Rxe2 32. Nc1 Rd2 33. Nb3 Rd3 34. Nc5 Rc3 35. Rc1 Rxc4 36. Rxc4 g6 37. Nd3 Kf8 38. Kg2 Rd5 39. b5 {[%emt 0:01:09][%mdl 64] Deflection} Rxb5 40. Rxd4 Rd5 {[%emt 0:00:00] Weighted Error Value: White=0.17 (very precise) /Black=0.14 (very precise)} 1/2-1/2